 Dungeon Crawl Stone Soup version 0.18.1-47-g9310371 (webtiles) character file.

1218 Sirdec the Grappler (level 8, 75/75 HPs)
             Began as a Troll Monk on June 19, 2016.
             Was a Believer of Kikubaaqudgha.
             Quit the game on level 5 of the Dungeon.
             The game lasted 00:23:32 (4116 turns).

Sirdec the Grappler (Troll Monk)                    Turns: 4116, Time: 00:23:33

Health: 75/75      AC:  6    Str: 20    XL:     8   Next: 22%
Magic:  7/7        EV:  9    Int:  8    God:    Kikubaaqudgha [**....]
Gold:   246        SH:  7    Dex: 12    Spells: 1 memorised, 6 levels left

rFire  . . .     SeeInvis .       - Unarmed
rCold  . . .     Gourm    +     a - +0 robe
rNeg   . . .     Faith    .     F - +0 shield
rPois  +         Spirit   .     (helmet restricted)
rElec  .         Dismiss  .     x - +0 cloak {+Inv}
rCorr  .         Reflect  .     (gloves unavailable)
SustAt .         Harm     .     (boots unavailable)
MR     .....     Rnd*Tele +     (no amulet)
Stlth  ++........               z - ring of poison resistance
                                J - ring of teleportation (curse)

@: not resistant to hostile enchantments, unstealthy
A: unfitting armour, claws 3, fast metabolism 3, gourmand, regeneration 2,
shaggy fur 1, tough skin 2
a: Receive Corpses, Renounce Religion, Evoke Invisibility


You were on level 5 of the Dungeon.
You worshipped Kikubaaqudgha.
Kikubaaqudgha was pleased with you.
You were completely stuffed.

You visited 2 branches of the dungeon, and saw 6 of its levels.

You collected 246 gold pieces.

Inventory:

Missiles
 y - 3 tomahawks (quivered)
Armour
 a - a +0 robe (worn)
 x - a +0 cloak of invisibility (worn)
 F - a +0 shield (worn)
Jewellery
 m - an uncursed ring of wizardry
 z - a ring of poison resistance (right claw)
 J - a cursed ring of teleportation (left claw)
Wands
 j - a wand of random effects (15/48)
 B - a wand of hasting (3/9)
 C - a wand of flame (31/48)
Scrolls
 e - a scroll of recharging {unknown}
 f - 5 scrolls of identify
 g - a scroll of noise {unknown}
 i - 2 scrolls of enchant armour {unknown}
 k - 2 scrolls of amnesia {unknown}
 o - 2 scrolls of immolation {unknown}
 p - a scroll of teleportation {unknown}
 q - 4 scrolls of remove curse
 r - 2 scrolls of fog {unknown}
 A - a scroll of enchant weapon {unknown}
 H - a scroll of magic mapping {unknown}
Potions
 c - a potion of heal wounds {unknown}
 h - a potion of berserk rage {unknown}
 l - 2 potions of curing {unknown}
 n - a potion of beneficial mutation {unknown}
 s - 2 potions of ambrosia {unknown}
 v - a potion of mutation {unknown}
 w - a potion of invisibility {unknown}
 E - a potion of resistance {unknown}
 I - a potion of magic {unknown}
Books
 u - a Fen Folio

   Spells                             Type                      Level
   a - Corpse Rot                     Necromancy                   2
   b - Stone Arrow                    Conjuration/Earth            3
   c - Leda's Liquefaction            Hexes/Earth                  4
   d - Summon Forest                  Summoning/Translocation      5
   e - Hydra Form                     Transmutation                6
   f - Summon Hydra                   Summoning                    7
 D - Kikubaaqudgha's Reference Book on Black Arts
   (Kikubaaqudgha gifted it to you in the Ecumenical Temple)

   Spells                             Type                      Level
   a - Pain                           Necromancy                   1
   b - Corpse Rot                     Necromancy                   2
   c - Sublimation of Blood           Necromancy                   2
   d - Vampiric Draining              Necromancy                   3
   e - Control Undead                 Necromancy                   4
Comestibles
 b - 7 bread rations
 d - 3 meat rations
 t - 2 beef jerkies
 G - a slice of pizza


   Skills:
 + Level 3.3 Fighting
 + Level 4.6 Dodging
 - Level 1.7 Stealth
 + Level 0.5 Shields
 * Level 8.4 Unarmed Combat
 + Level 0.3 Spellcasting
 * Level 1.8 Necromancy


You had 6 spell levels left.
You knew the following spells:

 Your Spells              Type           Power        Failure   Level  Hunger
a - Pain                  Necr           #...         97%         1    ##.....


Dungeon Overview and Level Annotations

Branches:
Dungeon (5/15)             Temple (1/1) D:4

Altars:
Ashenzari
Cheibriados
Elyvilon
Gozag
Kikubaaqudgha
Makhleb
Nemelex Xobeh
Okawaru
Qazlal
Ru
Sif Muna
Trog
Yredelemnul
The Shining One


Innate Abilities, Weirdness & Mutations

You are too large for most types of armour.
You have claws for hands.
Your metabolism is lightning-fast.
You like to eat raw meat.
You heal very quickly.
You are covered in fur (AC +1).
You have very tough skin (AC +2).


Message History

b - 7 bread rations (gained 1)
You found a teleport trap!
There is a stone staircase leading down here.
I - a metallic sapphire potion You now have 246 gold pieces (gained 14).
J - a small glass ring Put on which piece of jewellery? (? for menu, Esc to quit)
You're wearing all the rings you can.
Remove which one? (? for menu, Esc to cancel) < or
m - a ring of wizardry; > or
z - a ring of poison resistance You remove your ring of wizardry.
You feel slightly jumpy.
Oops, that ring feels deathly cold.
J - a cursed ring of teleportation (left claw)
Casting: Pain
Confirm with . or Enter, or press ? or * to list all spells.
Okay, then.
Quiver which item? (- for none, * to show all) (? for menu, Esc to quit)
Okay, then.
Unknown command.
Are you sure you want to abandon this character and quit the game? (Confirm with "yes".)

#.# #.# #.# #.# #.#
#.#
##########.#########
#...............@..#
...#######.######.##
...# ..... .# ...#
#.#.### .# ...#
#.#.. .# ...# # ###
.# ...## .# ....# .#
....#


There were no monsters in sight!

Vanquished Creatures
  Pikel (D:5)
  Grinder (D:5)
  A slave (D:5)
  A phantom (D:4)
  The ghost of LinoAlbertino the Ducker, an amateur DrBe of Trog (D:3)
  2 crimson imps (D:5)
  A hound (D:5)
  A centaur skeleton (D:5)
  An orc priest (D:4)
  An orc wizard (D:4)
  2 worker ants
  2 gnolls (D:1)
  7 adders
  An ooze (D:3)
  4 worms
  2 dart slugs
  4 giant geckos
  15 orcs
  5 bats
  A giant cockroach (D:3)
  8 hobgoblins
  A quokka (D:2)
  3 ball pythons
  6 giant newts
  6 goblins
  10 kobolds
  9 rats
97 creatures vanquished.

Vanquished Creatures (others)
  A hound skeleton (D:5)
1 creature vanquished.

Grand Total: 98 creatures vanquished

Notes
Turn   | Place    | Note
--------------------------------------------------------------
     0 | D:1      | Sirdec the Troll Monk began the quest for the Orb.
     0 | D:1      | Reached XP level 1. HP: 22/22 MP: 0/0
   127 | D:1      | Reached XP level 2. HP: 29/29 MP: 1/1
   463 | D:1      | Reached XP level 3. HP: 35/36 MP: 2/2
  1035 | D:2      | Reached skill level 5 in Unarmed Combat
  1067 | D:2      | Found a sacrificial altar of Ru.
  1069 | D:2      | Found a stormy altar of Qazlal.
  1075 | D:2      | Found a shattered altar of Ashenzari.
  1183 | D:2      | Found a bloodstained altar of Trog.
  1319 | D:2      | Reached XP level 4. HP: 38/44 MP: 3/3
  2036 | D:3      | Found a snail-covered altar of Cheibriados.
  2230 | D:3      | Reached XP level 5. HP: 50/50 MP: 4/4
  2262 | D:3      | Noticed LinoAlbertino's ghost (amateur DrBe)
  2271 | D:3      | Killed LinoAlbertino's ghost
  2271 | D:3      | Reached skill level 6 in Unarmed Combat
  2681 | D:4      | Reached XP level 6. HP: 59/59 MP: 5/5
  2696 | D:4      | Found a burning altar of Makhleb.
  3061 | D:4      | Found a staircase to the Ecumenical Temple.
  3088 | Temple   | Entered the Ecumenical Temple
  3137 | Temple   | Became a worshipper of Kikubaaqudgha
  3137 | Temple   | Reached * piety under Kikubaaqudgha
  3137 | Temple   | Received a gift from Kikubaaqudgha
  3137 | Temple   | Reached ** piety under Kikubaaqudgha
  3138 | Temple   | Identified Kikubaaqudgha's Reference Book on Black Arts (Kikubaaqudgha gifted it to you in the Ecumenical Temple)
  3141 | Temple   | Learned a level 1 spell: Pain
  3584 | D:4      | Found a burning altar of Makhleb.
  3724 | D:5      | Entered Level 5 of the Dungeon
  3724 | D:5      | Noticed a slave
  3728 | D:5      | Noticed Pikel
  3728 | D:5      | Killed a slave
  3729 | D:5      | Noticed a slave
  3731 | D:5      | Noticed a slave
  3735 | D:5      | Killed Pikel
  3735 | D:5      | Reached skill level 7 in Unarmed Combat
  3735 | D:5      | Reached skill level 1 in Necromancy
  3735 | D:5      | Reached XP level 7. HP: 53/67 MP: 6/6
  3849 | D:5      | Noticed Grinder
  3858 | D:5      | Killed Grinder
  3858 | D:5      | Reached skill level 8 in Unarmed Combat
  3858 | D:5      | Reached XP level 8. HP: 54/75 MP: 7/7
  4116 | D:5      | Quit the game

Skill      XL: |  1  2  3  4  5  6  7 |
---------------+----------------------+-----
Unarmed Combat | 5 6 7 8 |  8.4
Dodging        | 3 4 |  4.6
Fighting       | 3 |  3.3
Necromancy     | 1 |  1.8
Stealth        | |  1.7
Shields        | |  0.5
Spellcasting   | |  0.3

Action                   |  1- 3 |  4- 6 |  7- 9 || total
-------------------------+-------+-------+-------++-------
Melee: Unarmed           |    82 |   153 |    25 ||   260
       Punch             |     1 |     3 |       ||     4
  Use: Scroll            |       |     2 |       ||     2
 Stab: Sleeping          |     2 |     1 |       ||     3
  Eat: Chunk             |    14 |    23 |     6 ||    43
Armor: Robe              |    26 |    32 |     3 ||    61
Dodge: Dodged            |    42 |    60 |     8 ||   110
Block: Shield            |       |     7 |     3 ||    10
